 Dungeon Crawl Stone Soup version 0.28-a0-1227-ga9037bb4c8 (webtiles) character file.

Game seed: 6131973463417128305

35 cameronsadist the Stinger (level 3, -2/28 HPs)
             Began as a Demigod Wanderer on Dec 22, 2021.
             Killed from afar by Natasha (5 damage)
             ... with a magic dart
             ... on level 2 of the Dungeon.
             The game lasted 00:06:29 (1072 turns).

cameronsadist the Stinger (Demigod Wanderer)        Turns: 1072, Time: 00:06:30

Health: -2/28      AC:  3    Str: 11    XL:     3   Next: 2%
Magic:  2/6        EV: 11    Int: 15    God:
Gold:   41         SH:  0    Dex: 18    Spells: 3/4 levels left

rFire   . . .      SeeInvis .   a - +0 spear
rCold   . . .      Faith    .   (no shield)
rNeg    . . .      Spirit   .   c - +0 robe
rPois   .          Reflect  .   (no helmet)
rElec   .          Harm     .   b - +0 cloak
rCorr   .          Rampage  .   (no gloves)
Will    .....                   (no boots)
Stlth   ++........              (no amulet)
HPRegen 0.09/turn               (no ring)
MPRegen 0.10/turn               (no ring)

@: no status effects
A: high mp 1, forlorn, divine attributes
a: no special abilities


You were on level 2 of the Dungeon.
You visited 1 branch of the dungeon, and saw 2 of its levels.

You collected 41 gold pieces.

Inventory:

Hand Weapons
 a - a +0 spear (weapon)
Armour
 b - a +0 cloak (worn)
 c - a +0 robe (worn)
Scrolls
 d - a scroll of vulnerability {unknown}
 e - a scroll of blinking {unknown}
 f - a scroll of teleportation {unknown}


   Skills:
 + Level 1.1 Fighting
 - Level 1.2 Polearms
 - Level 1.0 Armour
 + Level 0.1 Dodging
 + Level 1.8 Stealth
 + Level 1.0 Spellcasting
 * Level 4.4 Poison Magic


You had 3 spell levels left.
You knew the following spells:

 Your Spells              Type           Power      Damage    Failure   Level
a - Sting                 Tmut/Pois      28%        1d4       10%         1

Your spell library contained the following spells:

 Spells                   Type           Power      Damage    Failure   Level
 Poisonous Vapours        Pois/Air       14%        N/A       16%         2
 Olgreb's Toxic Radiance  Pois           14%        N/A       36%         4


Dungeon Overview and Level Annotations

Branches:
Dungeon (2/15)

Annotations:
D:2 Natasha


Innate Abilities, Weirdness & Mutations

You have an increased reservoir of magic. (+10% MP)
You shall have no god before yourself.
Your divine heritage dramatically boosts your attributes as you level up.


Message History

Natasha casts a spell at you. The magic dart hits you!
Reach: a) +0 spear
Press: ? - help, Dir - move target, f/p - Natasha
Aim: Natasha (lightly wounded, poisoned, about 44% to evade your +0 spear)
You reach to attack!
You barely miss Natasha.
Natasha is lightly wounded.
You barely miss Natasha.
Natasha is lightly wounded.
Natasha misses you.
Casting: Sting (safe; 10% risk of failure)
Confirm with . or Enter, or press ? or * to list all spells.
Aiming: Sting (safe; 10% risk of failure)
Press: ? - help, Shift-Dir - straight line, f/p - Natasha
Aim: Natasha (lightly wounded, poisoned, 60% to hit)
The sting misses Natasha.
Natasha claws you.
You hit Natasha.
Natasha is heavily wounded.
Natasha claws you.
Unknown command.
You aren't carrying any potions.
Okay, then.
Natasha closely misses you.
Natasha looks more healthy.
Natasha closely misses you.
Casting: Sting (safe; 10% risk of failure)
Confirm with . or Enter, or press ? or * to list all spells.
Aiming: Sting (safe; 10% risk of failure)
Press: ? - help, Shift-Dir - straight line, f/p - Natasha
Aim: Natasha (heavily wounded, 60% to hit)
The sting hits Natasha but does no damage.
Natasha is poisoned.
Natasha is heavily wounded.
Natasha claws you!
* * * LOW HITPOINT WARNING * * *
Natasha howls an incantation.
Natasha glows brightly for a moment.
Natasha stares at you and mumbles some strange words.
The magic dart hits you.
You die...

#..............#
#.........#......
####..#......†.#..#.
...........##.## .#
###..#.##.# .# #. #.##.#
.# #.. # #h##.# .. ....
# #.##.#### ...
#..#@#...####.# #..
#................# ##..
#.###.###...#########...
#. ##.†............ #
#..########..†. #..#
#...) #..# ##... .....
......# ###.#.. #######


You could see Natasha (poisoned).

Vanquished Creatures
  A worm (D:2)
  2 dart slugs
  5 ball pythons
  A giant cockroach (D:2)
  2 hobgoblins (D:1)
  A quokka (D:1)
  4 frilled lizards (D:1)
  5 goblins
  2 kobolds (D:1)
  6 rats (D:1)
29 creatures vanquished.

Notes
Turn   | Place    | Note
-------+----------+-------------------------------------------
     0 | D:1      | cameronsadist the Demigod Wanderer began the quest for the
                  | Orb.
     0 | D:1      | cameronsadist set off with the following items: a +0 spear,
                  | a +0 cloak, a +0 robe; and the following spell memorised:
                  | Sting; and the following spells available to memorise:
                  | Poisonous Vapours, Olgreb's Toxic Radiance
     0 | D:1      | Reached XP level 1. HP: 16/16 MP: 4/4
   435 | D:1      | Reached skill level 4 in Poison Magic
   435 | D:1      | Reached XP level 2. HP: 17/23 MP: 2/5
  1039 | D:2      | Reached XP level 3. HP: 28/28 MP: 3/6
  1054 | D:2      | Noticed Natasha
  1072 | D:2      | Killed from afar by Natasha

Illustrated notes

Levels and vault maps discovered:
D:1:      tarquinn_simple_flora_water_d, layout_loops_cross,
          chequers_ecumenical_altar_island, minmay_hedge_maze,
          hangedman_feature_mirror, minmay_crystal_water, minmay_tetromino_l4
D:2:      layout_loops_ring, uniq_natasha

Skill      XL: |  1 |
---------------+----+-----
Poison Magic   | 4 |  4.4
Fighting       | |  1.1
Polearms       | |  1.2
Armour         | |  1.0
Dodging        | |  0.1
Stealth        | |  1.8
Spellcasting   | |  1.0

Action                   || total
-------------------------++-------
Melee: Spear             ||    62
 Cast: Sting             ||    23
 Stab: Sleeping          ||     4
Armor: Robe              ||    10
Dodge: Dodged            ||    35

Table legend: (Time is in decaauts)
 A = Elapsed time spent in this place.
 B = Non-inter-level travel time spent in this place.
 C = Inter-level travel time spent in this place.
 D = Time resting spent in this place.
 E = Time spent auto-exploring this place.
 F = Levels seen in this place.
 G = Mean time per level.
                   A        B        C        D        E       F      G
               +--------+--------+--------+--------+--------+-----+--------+
         Total |   1075 |    885 |    190 |    636 |      0 |   2 |  537.5 |
       Dungeon |   1075 |    885 |    190 |    636 |      0 |   2 |  537.5 |
               +--------+--------+--------+--------+--------+-----+--------+

Top non-repeatable levels by time:
     D:1: 857 daAuts
     D:2: 218 daAuts
